 Dungeon Crawl Stone Soup version 0.29.1-15-g9cfb28693d (webtiles) character file.

Game seed: 9319911375008125570

238 croobank the Sneak (level 6, -11/43 HPs)
             Began as an Octopode Delver on Mar 11, 2023.
             Blown up by Ijyb (19 damage)
             ... with a mindburst bolt
             ... on level 3 of the Dungeon.
             The game lasted 00:03:25 (1292 turns).

croobank the Sneak (Octopode Delver)                Turns: 1292, Time: 00:03:26

Health: -11/43     AC:  1    Str: 11    XL:     6   Next: 7%
Magic:  6/6        EV: 18    Int: 15    God:
Gold:   95         SH:  5    Dex: 13    Spells: 5/5 levels left

rFire   . . .      SeeInvis .   h - +0 dagger
rCold   . . .      Faith    .   (no shield)
rNeg    . . .      Spirit   .   (helmet restricted)
rPois   .          Reflect  +   j - amulet of reflection
rElec   .          Harm     .   o - +4 ring of evasion
rCorr   .          Rampage  .   (no ring)
Will    .....                   (no ring)
Stlth   +++++.....              (no ring)
HPRegen 0.14/turn               (no ring)
MPRegen 0.10/turn               (no ring)
                                (no ring)
                                (no ring)

@: hasted, very quick
A: almost no armour, amphibious, 8 rings, camouflage 1, gelatinous body 1,
(nimble swimmer 1), tentacles
a: no special abilities


You were on level 3 of the Dungeon.
You visited 1 branch of the dungeon, and saw 5 of its levels.

You collected 95 gold pieces.

Inventory:

Hand Weapons
 a - a +0 hand axe
 h - a +0 dagger (weapon)
 k - a +0 trident
 l - a +0 flail
 q - a +0 sling
Missiles
 n - 6 poisoned darts (quivered)
Jewellery
 j - an amulet of reflection (around mantle)
 o - a +4 ring of evasion (left tentacle)
Wands
 f - a wand of digging (3)
 g - a wand of mindburst (4)
Scrolls
 b - a scroll of fog
 c - a scroll of magic mapping
 d - a scroll of fear
 i - a scroll of poison {unknown}
 m - a scroll of teleportation {unknown}
 p - a scroll of identify {unknown}


   Skills:
 + Level 4.1 Fighting
 + Level 3.4 Axes
 + Level 3.4 Dodging
 + Level 7.8 Stealth


You had 5 spell levels left.
You didn't know any spells.
Your spell library was empty.

Dungeon Overview and Level Annotations

Branches:
Dungeon (6/15)             Temple (0/1) D:4

Altars:

Shops:
D:5 (   D:6 !?

Annotations:
D:3 Ijyb


Innate Abilities, Weirdness & Mutations

You cannot wear most types of armour.
You are amphibious.
You can wear up to eight rings at the same time.
Your skin changes colour to match your surroundings (Stealth+).
Your rubbery body absorbs attacks. (AC +1, EV +1)
((You are camouflaged when in or above water. (Stealth+)))
You have tentacles for arms and can constrict up to eight enemies at once.


Message History

You kill the adder!
Found 16 gold pieces.
The helpless hobgoblin fails to defend itself.
You impale the hobgoblin!!
You kill the hobgoblin!
You see here a hobgoblin corpse.
You now have 95 gold pieces (gained 16).
Ijyb zaps a wand.
You barely resist. You block Ijyb's attack.
You hit Ijyb but do no damage. You grab Ijyb.
You constrict Ijyb, but do no damage. Ijyb screams, "I no like you!"
Ijyb hits you with a +0 dagger.
You hit Ijyb but do no damage. You constrict Ijyb, but do no damage.
Ijyb hits you with a +0 dagger.
You hit Ijyb but do no damage. You constrict Ijyb, but do no damage.
You block Ijyb's attack.
You hit Ijyb but do no damage. You squeeze Ijyb, but do no damage.
You constrict Ijyb. Ijyb misses you.
You hit Ijyb but do no damage.
Ijyb is lightly wounded.
You constrict Ijyb, but do no damage. Ijyb hits you with a +0 dagger.
You hit Ijyb but do no damage. You squeeze Ijyb, but do no damage.
Ijyb is lightly wounded.
You constrict Ijyb. Ijyb closely misses you.
You barely miss Ijyb.
You tentacle-slap Ijyb, but do no damage.
Ijyb is lightly wounded.
You constrict Ijyb, but do no damage. Ijyb hits you with a +0 dagger.
You hit Ijyb but do no damage.
Ijyb is lightly wounded.
You constrict Ijyb, but do no damage. Ijyb hits you with a +0 dagger.
You hit Ijyb but do no damage.
Ijyb is lightly wounded.
You constrict Ijyb.
Ijyb zaps a wand.
Your mind is blasted!
* * * LOW HITPOINT WARNING * * *
You feel yourself speed up.
You constrict Ijyb, but do no damage.
Ijyb screams, "No!
No, no, no, no!"
Ijyb zaps a wand.
Your mind is blasted!
You die...

#.#..# # .#.# #. #.#..# .
##.#.###.##>#..# #.
#!.......##.#..#
###.###........##.#.)#
.....#.....###.##.#..###
# #......................
..##..#.g..........#...##
......#.@.#............#
.........?.##..####.#.#
.###..#.$......# #<#...
#...###.##..####.###.
#...# #..........# .
##.###.#.###.##..####)#
..........†.###..####.#
.###...................
#..#.########.#######


You could see Ijyb.

Vanquished Creatures
  A bullfrog (D:6)
  A scorpion (D:6)
  A hound (D:5)
  An iguana (D:6)
  4 adders
  A white imp (D:6)
  2 orcs (D:3)
  An endoplasm (D:3)
  A giant cockroach (D:2)
  3 goblins
  3 hobgoblins (D:3)
  A ball python (D:2)
  A bat (D:3)
  A kobold (D:3)
  A rat (D:3)
23 creatures vanquished.

Notes
Turn   | Place    | Note
-------+----------+-------------------------------------------
     0 | D:5      | croobank the Octopode Delver began the quest for the Orb.
     0 | D:5      | Reached XP level 1. HP: 16/16 MP: 1/1
    31 | D:6      | Reached XP level 2. HP: 13/21 MP: 2/2
   189 | D:6      | Found Taphuon's Magic Scroll Emporium.
   264 | D:6      | Noticed a scorpion
   271 | D:6      | Killed a scorpion
   272 | D:6      | Reached skill level 7 in Stealth
   272 | D:6      | Reached XP level 3. HP: 26/26 MP: 3/3
   272 | D:6      | Reached XP level 4. HP: 31/31 MP: 4/4
   463 | D:6      | Found Gienwoy's Distillery.
   602 | D:6      | Noticed a bullfrog
   614 | D:6      | Killed a bullfrog
   615 | D:6      | Reached XP level 5. HP: 13/37 MP: 5/5
   982 | D:5      | Found Jaahy's Weapon Boutique.
  1045 | D:4      | Found a staircase to the Ecumenical Temple.
  1228 | D:3      | Reached XP level 6. HP: 40/43 MP: 6/6
  1255 | D:3      | Noticed Ijyb
  1292 | D:3      | Blown up by Ijyb

Illustrated notes

Levels and vault maps discovered:
D:2:      layout_loops_ring, minmay_misc_feat_encased
D:3:      layout_loops_ring, gammafunk_ghost_mausoleum,
          guppyfry_early_lair_pool, uniq_robin, uniq_ijyb
D:4:      layout_rooms, temple_statues
D:5:      layout_cave_pools, serial_shops, nicolae_shop_behind_doors
D:6:      layout_loops_corners, serial_shops, shop_statue, shop_fountains,
          nicolae_lakefront_shop, nicolae_shop_competitors_out_of_business,
          serial_rivers, chequers_serial_rivers_large_a,
          chequers_serial_rivers_micro_a, chequers_serial_rivers_micro_e,
          chequers_serial_rivers_large_b, chequers_serial_rivers_room_a

Skill      XL: |  1  2  3  4  5 |
---------------+----------------+-----
Stealth        | 7 |  7.8
Axes           | 3 |  3.4
Dodging        | 3 |  3.4
Fighting       | 4 |  4.1

Action                   |  1- 3 |  4- 6 || total
-------------------------+-------+-------++-------
Melee: Hand axe          |     3 |       ||     3
       Constrict         |     2 |    11 ||    13
       Tentacles         |     1 |    19 ||    20
       Dagger            |     1 |    54 ||    55
       Punch             |       |     1 ||     1
  Use: Potion            |       |     1 ||     1
 Stab: Sleeping          |     1 |     7 ||     8
Armor: Skin              |       |     4 ||     4
Dodge: Dodged            |     3 |    35 ||    38
Block: Other             |       |     6 ||     6
